 Dungeon Crawl Stone Soup version 0.30-a0-359-gd0147acb1a (webtiles) character file.

Game seed: 12497110486866139812

592 experimilk the Destroyer (level 7, -4/50 HPs)
             Began as a Black Draconian Conjurer on Nov 12, 2022.
             Was a Believer of Kikubaaqudgha.
             Slain by Pikel
             ... wielding a +2 whip of electrocution
              (10 damage)
             ... on level 4 of the Dungeon.
             The game lasted 00:13:37 (5020 turns).

experimilk the Destroyer (Black Draconian Conjurer) Turns: 5020, Time: 00:13:38

Health: -4/50      AC:  7    Str:  9    XL:     7   Next: 16%
Magic:  1/10       EV: 12    Int: 22    God:    Kikubaaqudgha [**....]
Gold:   313        SH:  0    Dex: 10    Spells: 1/11 levels left

rFire   . . .      SeeInvis +    p - +8 spear of the Madman {freeze, rPois Int+2}
rCold   . . .      Faith    .    (no shield)
rNeg    . . .      Spirit   .    (body armour unavailable)
rPois   +          Reflect  .    (helmet restricted)
rElec   +          Harm     .    (no cloak)
rCorr   .          Rampage  .    (no gloves)
Will    .....                    m - +0 pair of boots
Stlth   ++........               (no amulet)
HPRegen 0.28/turn                o - ring of see invisible
MPRegen 0.12/turn                (no ring)

@: mighty, short of breath
A: breathe lightning, AC +6, unfitting armour, electricity resistance,
cold-blooded
a: Breathe Lightning, Renounce Religion, Unearth Wretches


You were on level 4 of the Dungeon.
You worshipped Kikubaaqudgha.
Kikubaaqudgha was pleased with you.
You visited 1 branch of the dungeon, and saw 4 of its levels.

You collected 313 gold pieces.

Inventory:

Hand Weapons
 g - a +0 whip
 p - the +8 spear of the Madman (weapon) {freeze, rPois Int+2}
   (You took it off a hobgoblin on level 3 of the Dungeon)

   It freezes those it strikes, dealing additional cold damage.
   It can also slow down cold-blooded creatures.
   Int:       It affects your intelligence (+2).
   rPois:     It protects you from poison.
Armour
 m - a +0 pair of boots (worn)
Jewellery
 o - a ring of see invisible (left hand)
Scrolls
 a - a scroll of immolation {unknown}
 d - a scroll of butterflies {unknown}
 e - a scroll of noise {unknown}
 f - a scroll of enchant armour {unknown}
 j - a scroll of acquirement {unknown}
 l - a scroll of silence {unknown}
 q - a scroll of amnesia {unknown}
 r - a scroll of summoning {unknown}
 s - a scroll of torment {unknown}
 u - a scroll of identify
Potions
 b - 2 potions of resistance {unknown}
 c - a potion of might
 h - a potion of attraction {unknown}
 i - a potion of flight {unknown}
 k - 3 potions of curing
 n - a potion of degeneration {unknown}
 t - a potion of ambrosia {unknown}


   Skills:
 - Level 1.7 Dodging
 - Level 1.7 Stealth
 + Level 2.6 Spellcasting
 * Level 8.1 Conjurations
 + Level 2.2 Necromancy


You had one spell level left.
You knew the following spells:

 Your Spells              Type           Power      Damage    Failure   Level
a - Necrotise             Necr           48%        1d6       5%          1
b - Magic Dart            Conj           100%       1d8       1%          1
d - Vampiric Draining     Necr           12%        2d6       16%         3
q - Slow                  Hex            8%         N/A       13%         1
s - Cigotuvi's Dreadful   Necr/Pois/Air  12%        N/A       14%         2
z - Searing Ray           Conj           76%        2d7       1%          2

Your spell library contained the following spells:

 Spells                   Type           Power      Damage    Failure   Level
 Kiss of Death            Conj/Necr      100%       2d13      1%          1
 Dazzling Flash           Conj/Hex       40%        N/A       8%          3
 Fulminant Prism          Conj/Hex       10%        3d8       24%         4
 Iskenderun's Mystic Bla  Conj/Tloc      20%        2d6       24%         4
 Confusing Touch          Hex            2%         N/A       36%         3
 Gell's Gravitas          Tloc           2%         N/A       36%         3
 Lesser Beckoning         Tloc           4%         N/A       36%         3
 Teleport Other           Tloc           2%         N/A       36%         3


Dungeon Overview and Level Annotations

Branches:
Dungeon (4/15)
 Temple: D:4-7

Altars:
Kikubaaqudgha

Annotations:
D:4 Pikel


Innate Abilities, Weirdness & Mutations

You can breathe wild blasts of lightning.
Your glossy black scales are hard. (AC +6)
You cannot fit into any form of body armour.
You are resistant to electric shocks. (rElec)
You are cold-blooded and may be slowed by cold attacks.


Message History

Casting: Searing Ray (safe; 1% risk of failure)
Confirm with . or Enter, or press ? or * to list all spells.
Aiming: Searing Ray (safe; 1% risk of failure)
Press: ? - help, Shift-Dir - straight line, f/p - Pikel
Aim: Pikel, wielding a +2 whip of electrocution and wearing a +0 robe (lightly wounded, 76% to hit)
The searing ray hits Pikel.
Pikel is moderately wounded.
The searing ray misses the lemure. (Press . to maintain the ray.) Pikel closely misses you.
The lemure barely misses you. The lemure closely misses you.
The searing ray hits Pikel.
Pikel is heavily wounded.
Pikel hits you with a +2 whip of electrocution.
The lemure hits you but does no damage. The lemure hits you.
The lemure barely misses you. x2
The searing ray misses Pikel.
Pikel hits you with a +2 whip of electrocution.
The lemure hits you. The lemure completely misses you. The lemure hits you.
The lemure closely misses you.
The searing ray hits Pikel!
Pikel is severely wounded.
You finish channelling your searing ray.
Pikel hits you with a +2 whip of electrocution.
* * * LOW HITPOINT WARNING * * *
The lemure barely misses you. The lemure hits you but does no damage.
The lemure closely misses you. The lemure hits you.
* * * LOW HITPOINT WARNING * * *
Casting: Searing Ray (safe; 1% risk of failure)
Confirm with . or Enter, or press ? or * to list all spells.
You don't have enough magic to cast this spell.
You feel very mighty all of a sudden. Pikel closely misses you.
The lemure hits you.
* * * LOW HITPOINT WARNING * * *
The lemure hits you but does no damage. The lemure barely misses you. x2
You hit Pikel. You freeze Pikel.
Your tail-slap misses Pikel.
Pikel is almost dead.
Pikel hits you with a +2 whip of electrocution!
You die...
Kikubaaqudgha rasps: "You have failed me!
Welcome... death!"

#........# #.#
#........# #.# .K
#.....)..# #.# .###5
#....<...# #.# ..:..#
###+#+#### #.# .....#
#.#
#5...#############.#
#.# #
..........55.....# #.#
. ##)#####..K@######
#.# #### #......'..55#
#.# $5.# #.##.###....#
#######+###.# ...#.#.
#..##....#
#........##.# .......
##.##....#
#........##'#
....######..#....#
#............ ........#
#.#....# #............
....))#.#
#(..#'#####............
#...#.#.#
###[#..........(..#....


You could see Pikel and 4 lemures.

Vanquished Creatures
  Sigmund (D:3)
  Menkaure (D:4)
  A hound (D:4)
  2 orc priests (D:4)
  7 gnolls (D:3)
  2 adders
  A dart slug (D:3)
  4 orcs (D:4)
  5 endoplasms
  4 giant cockroaches
  29 goblins
  28 hobgoblins
  3 jackals (D:2)
  13 kobolds
  3 ball pythons
  6 bats
  2 frilled lizards (D:1)
  9 rats
121 creatures vanquished.

Notes
Turn   | Place    | Note
-------+----------+-------------------------------------------
     0 | D:1      | experimilk the Draconian Conjurer began the quest for the
                  | Orb.
     0 | D:1      | Reached XP level 1. HP: 14/14 MP: 3/3
   173 | D:1      | Learned a level 1 spell: Slow
   330 | D:1      | Reached XP level 2. HP: 19/20 MP: 0/5
   379 | D:1      | Learned a level 2 spell: Searing Ray
  1343 | D:2      | Reached skill level 5 in Conjurations
  1402 | D:2      | Reached XP level 3. HP: 26/26 MP: 1/6
  1636 | D:2      | Found an ancient bone altar of Kikubaaqudgha.
  2104 | D:2      | Became a worshipper of Kikubaaqudgha
  2284 | D:3      | Identified the +8 spear of the Madman {freeze, rPois Int+2}
  2667 | D:3      | Reached XP level 4. HP: 33/33 MP: 4/7
  2712 | D:3      | Noticed Sigmund
  2751 | D:3      | Killed Sigmund
  2752 | D:3      | Reached skill level 7 in Conjurations
  2752 | D:3      | Reached XP level 5. HP: 24/38 MP: 1/8
  3016 | D:3      | Learned a level 3 spell: Vampiric Draining
  3021 | D:3      | Reached * piety under Kikubaaqudgha
  3021 | D:3      | Received a gift from Kikubaaqudgha
  3426 | D:3      | Reached XP level 6. HP: 45/45 MP: 5/9
  3814 | D:3      | Reached skill level 1 in Necromancy
  3922 | D:3      | Reached ** piety under Kikubaaqudgha
  4384 | D:3      | Learned a level 2 spell: Cigotuvi's Dreadful Rot
  4422 | D:4      | Noticed Pikel
  4556 | D:4      | Noticed Menkaure
  4665 | D:4      | Killed Menkaure
  4769 | D:4      | Reached skill level 8 in Conjurations
  4769 | D:4      | Your scales start taking on a glossy black colour.
  4769 | D:4      | Reached XP level 7. HP: 50/50 MP: 5/10
  4769 | D:4      | Gained mutation: You are resistant to electric shocks.
                  | (rElec) [Black Draconian growth]
  4860 | D:4      | Learned a level 1 spell: Necrotise
  5020 | D:4      | Slain by Pikel

Illustrated notes

Levels and vault maps discovered:
D:1:      lightli_arrival_boilingwater, layout_basic
D:2:      layout_loops_ring, basic_altar, kennysheep_generic_room_14
D:3:      minmay_goblin_kobold_castle, layout_loops_ring, uniq_sigmund
D:4:      cheibrodos_pilgrimage, layout_basic, uniq_pikel, uniq_ijyb,
          uniq_menkaure

Skill      XL: |  1  2  3  4  5  6 |
---------------+-------------------+-----
Conjurations   | 5 7 8 |  8.1
Necromancy     | 2 |  2.2
Dodging        | |  1.7
Stealth        | |  1.7
Spellcasting   | |  2.6

Action                   |  1- 3 |  4- 6 |  7- 9 || total
-------------------------+-------+-------+-------++-------
Melee: Mace              |     7 |       |       ||     7
       Tailslap          |     1 |       |       ||     1
       Spear             |     7 |     8 |     7 ||    22
       Whip              |     4 |       |       ||     4
 Cast: Magic Dart        |    67 |    39 |     3 ||   109
       Slow              |     1 |       |       ||     1
       Searing Ray       |    14 |    22 |     4 ||    40
       Necrotise         |       |       |     6 ||     6
 Abil: Breathe Lightning |       |       |     2 ||     2
  Use: Scroll            |       |     2 |       ||     2
       Potion            |       |     1 |     1 ||     2
 Stab: Sleeping          |       |     1 |       ||     1
Armor: Skin              |    14 |     3 |    14 ||    31
Dodge: Dodged            |    18 |    11 |    24 ||    53

Table legend: (Time is in decaauts)
 A = Elapsed time spent in this place.
 B = Non-inter-level travel time spent in this place.
 C = Inter-level travel time spent in this place.
 D = Time resting spent in this place.
 E = Time spent auto-exploring this place.
 F = Levels seen in this place.
 G = Mean time per level.
                   A        B        C        D        E       F      G
               +--------+--------+--------+--------+--------+-----+--------+
         Total |   5029 |   4907 |    122 |   1396 |   2815 |   4 | 1257.2 |
       Dungeon |   5029 |   4907 |    122 |   1396 |   2815 |   4 | 1257.2 |
               +--------+--------+--------+--------+--------+-----+--------+

Top non-repeatable levels by time:
     D:3: 2309 daAuts
     D:1: 1156 daAuts
     D:2: 985 daAuts
     D:4: 578 daAuts
